 Dungeon Crawl Stone Soup version 0.31-b1-20-g67cafac56d (webtiles) character file.

Game seed: 10037401776759177059

39 Esekla the Sneak (level 3, 26/26 HPs)
             Began as an Octopode Delver on Jan 18, 2024.
             Quit the game on level 5 of the Dungeon.
             The game lasted 00:03:18 (247 turns).

Esekla the Sneak (Octopode Delver)                   Turns: 247, Time: 00:03:18

Health: 26/26      AC:  1    Str: 11    XL:     3   Next: 45%
Magic:  4/4        EV: 13    Int: 14    God:
Gold:   12         SH:  0    Dex: 13    Spells: 3/3 levels left

rFire   . . .        a - +0 falchion
rCold   . . .        (no shield)
rNeg    . . .        (helmet restricted)
rPois   .            (no amulet)
rElec   .            (no ring)
rCorr   .            (no ring)
SInv    .            (no ring)
Will    .....        (no ring)
Stlth   ++++         (no ring)
HPRegen 0.24/turn    (no ring)
MPRegen 0.09/turn    (no ring)
                     (no ring)

%: no passive effects
@: no status effects
A: almost no armour, amphibious, 8 rings, camouflage 1, gelatinous body 1,
(nimble swimmer 1), tentacles
a: no special abilities


You were on level 5 of the Dungeon.
You visited 1 branch of the dungeon, and saw 1 of its levels.

You collected 12 gold pieces.

Inventory:

Hand Weapons
 a - a +0 falchion (weapon)
Wands
 f - a wand of digging (2)
Scrolls
 b - a scroll of fog
 c - a scroll of poison {unknown}
 d - a scroll of fear
 h - a scroll of revelation
 i - a scroll of identify {unknown}
Potions
 e - a potion of haste
 g - a potion of berserk rage {unknown}


   Skills:
 * Level 3.2 Fighting
 * Level 2.3 Long Blades
 * Level 2.2 Dodging
 + Level 7.3 Stealth
 * Level 0.7 Spellcasting


You had 3 spell levels left.
You didn't know any spells.
Your spell library was empty.

Dungeon Overview and Level Annotations

Branches:
Dungeon (5/15)
 Temple: D:4-7

Altars:
Makhleb


Innate Abilities, Weirdness & Mutations

You cannot wear most types of armour.
You are amphibious.
You can wear up to eight rings at the same time.
Your skin changes colour to match your surroundings (Stealth+).
Your rubbery body absorbs attacks. (AC +1, EV +1)
((You are camouflaged when in or above water. (Stealth+)))
You have tentacles for arms and can constrict up to eight enemies at once.


Message History

You start resting.
HP restored.
c - a scroll labelled YQILLI ZIZOSI A gnoll comes into view.
It is wielding a +0 spear.
Found a golden potion.
Found 12 gold pieces.
g - a golden potion You now have 12 gold pieces.
Found a stone staircase leading up. 2 orcs and a bombardier beetle come into view.
Aiming: Dig
Press: ? - help, Shift-Dir - straight line The rock shatters into small pieces.
A hound comes into view.
You start waiting.
A hound is nearby!
You start waiting.
A hound is nearby!
You catch the helpless hound completely off-guard!
You hit the hound. You grab the hound. You squeeze the hound.
The hound is severely wounded.
You constrict the hound, but do no damage.
The hound bites you. x2
You hit the hound.
You kill the hound!
Your Stealth skill increases to level 7!
You have reached level 3!
Your experience leads to an increase in your attributes!
Increase (S)trength, (I)ntelligence, or (D)exterity?
You feel clever. x2
You see here a hound corpse.
Found a scroll of revelation.
Found an escape hatch in the ceiling.
Found a stone staircase leading down.
h - a scroll of revelation
Found a burning altar of Makhleb.
Found a scroll labelled KAUXTU HELEYTO.
There is a burning altar of Makhleb here.
i - a scroll labelled KAUXTU HELEYTO Are you sure you want to abandon this character and quit the game? (Confirm with "yes".)

####### #.....####
##........##### ####*
##..._..........
#...###..........##...
**#.....##.....#######
###@.######### #
*#..#.# ##### #..##.#*
###.... #.#*##.*
##...... ##* *.#**
#....... *..,**
#....... ***...,*
#....... **,,,..,**
##...... **,,,,,,,,*
#......


There were no monsters in sight!

Vanquished Creatures
  A hound (D:5)
  A gnoll (D:5)
2 creatures vanquished.

Notes
Turn   | Place    | Note
-------+----------+-------------------------------------------
     0 | D:5      | Esekla the Octopode Delver began the quest for the Orb.
     0 | D:5      | Reached XP level 1. HP: 16/16 MP: 1/1
    44 | D:5      | Noticed a hound
    61 | D:5      | Reached XP level 2. HP: 15/21 MP: 2/2
   134 | D:5      | Noticed a bombardier beetle
   205 | D:5      | Reached skill level 7 in Stealth
   205 | D:5      | Reached XP level 3. HP: 16/26 MP: 2/4
   231 | D:5      | Found a burning altar of Makhleb.
   247 | D:5      | Quit the game

Illustrated notes

Levels and vault maps discovered:
D:5:      layout_cave_pods, overflow_temple_1_default, nicolae_the_louvre

Skill      XL: |  1  2 |
---------------+-------+-----
Stealth        | 7 |  7.3
Fighting       | |  3.2
Long Blades    | |  2.3
Dodging        | |  2.2
Spellcasting   | |  0.7

Action                     || total
---------------------------++-------
  Melee: Falchion          ||     6
         Constrict         ||     2
         Tentacles         ||     1
  Evoke: Wand              ||     1
    Use: Scroll            ||     1
   Stab: Distracted        ||     1
 Armour: Skin              ||     3
  Dodge: Dodged            ||     2
